 Dungeon Crawl Stone Soup version 0.32-a0-768-g0f6f1dd4b9 (webtiles) character file.

Game seed: 17315778336023971336

9010 Doorstop00 the Cleaver (level 11, -9/145 (148) HPs)
             Began as a Minotaur Berserker on Mar 18, 2024.
             Was a High Priest of Trog.
             Mangled by a sixfirhy (11 damage)
             ... summoned by an orc sorcerer
             ... on level 1 of the Orcish Mines.
             The game lasted 00:52:13 (9181 turns).

Doorstop00 the Cleaver (Minotaur Berserker)         Turns: 9181, Time: 00:52:16

HP:   -9/145 (148)  AC: 20    Str: 23    XL:     11   Next: 17%
MP:   4/10          EV:  9    Int:  6    God:    Trog [*****.]
Gold: 687           SH:  0    Dex: 17    Spells: 10/10 levels left

rFire   + . .        O - +5 battleaxe
rCold   . . .        (shield currently unavailable)
rNeg    + . .        d - +2 plate armour {rF+}
rPois   .            (helmet restricted)
rElec   .            v - +0 cloak
rCorr   .            w - +0 pair of gloves {infuse}
SInv    .            q - +0 pair of boots
Will    .....        (no amulet) Stlth
                     E - +6 ring of dexterity
HPRegen 0.44/turn    b - ring of positive energy
MPRegen 0.12/turn

%: infuse magic (1 MP)
@: berserking, lightly drained, very quick
A: horns 2, retaliatory headbutt
a: Renounce Religion, Berserk, Trog's Hand, Brothers in Arms


You were on level 1 of the Orcish Mines.
You worshipped Trog.
Trog was extremely pleased with you.
You visited 2 branches of the dungeon, and saw 10 of its levels.
You also visited: Ossuary.

You collected 687 gold pieces.

Inventory:

Hand Weapons
 B - a +3 quarterstaff of chaos
 I - a +5 war axe
 J - a +4 morningstar
 N - a +2 spear of freezing
 O - a +5 battleaxe (weapon)
 Q - a +1 flail of holy wrath
 S - a +5 heavy great mace
Armour
 d - a +2 plate armour of fire resistance (worn)
 q - a +0 pair of boots (worn)
 u - +1 pearl dragon scales
 v - a +0 cloak (worn)
 w - a +0 pair of gloves of infusion (worn)
 H - a +0 cloak
 M - the +4 chain mail of Zaedis {Fly Will- Int+2 Stlth+}
   (You found it on level 8 of the Dungeon)

   Int+2:     It affects your intelligence (+2).
   Will-:     It decreases your willpower.
   Fly:       It grants you flight.
   Stlth+:    It makes you more stealthy.
 R - a +1 chain mail of poison resistance
Jewellery
 a - a ring of protection from cold
 b - a ring of positive energy (right hand)
 g - a ring of fire
 j - a ring of flight
 p - the ring of the Unstoppable Eyes {rPois rN+ Int-3 Dex-4 Slay+6}
   (You found it in an ossuary)

   [ring of positive energy]

   Int-3:     It affects your intelligence (-3).
   Dex-4:     It affects your dexterity (-4).
   Slay+6:    It affects your accuracy & damage with ranged weapons and melee
   (+6).
   rPois:     It protects you from poison.
   rN+:       It protects you from negative energy.
 E - a +6 ring of dexterity (left hand)
Wands
 y - a wand of flame (19)
 F - a wand of acid (8)
 K - a wand of paralysis (8)
 L - a wand of warping (11)
 P - a wand of polymorph (10)
 T - a wand of mindburst (7)
Scrolls
 c - 2 scrolls of poison
 h - 4 scrolls of identify
 l - 2 scrolls of teleportation
 s - a scroll of revelation
 t - a scroll of immolation
 x - a scroll of enchant armour
 G - a scroll of fog
Potions
 e - 2 potions of berserk rage
 f - a potion of enlightenment {unknown}
 i - a potion of haste {unknown}
 k - a potion of mutation {unknown}
 m - 2 potions of invisibility
 n - 2 potions of attraction
 o - 7 potions of curing
 r - a potion of resistance {unknown}
 z - a potion of magic {unknown}
 A - a potion of might {unknown}
 C - a potion of lignification {unknown}
 D - a potion of brilliance {unknown}


   Skills:
 * Level 9.8 Fighting
 * Level 13.5(14.2) Axes
 * Level 7.2(11.3) Maces & Flails
 * Level 9.6 Armour
 * Level 6.3 Dodging
 + Level 0.4 Stealth


You had 10 spell levels left.
You didn't know any spells.
Your spell library was empty.

Dungeon Overview and Level Annotations

Branches:
Dungeon (9/15)             Temple (0/1) D:6             Orc (1/2) D:9
Ossuary (visited)
   Lair: D:8-11

Altars:
Vehumet

Shops:
D:2 (   D:6 (


Innate Abilities, Weirdness & Mutations

You have a pair of horns on your head.
You reflexively headbutt those who attack you in melee.


Message History

The sixfirhy closely misses you. You furiously retaliate!
You headbutt the sixfirhy.
The sixfirhy hits you but does no damage.
The orc sorcerer barely misses you. The sixfirhy hits you.
The sixfirhy shocks you!
You slash the orc sorcerer! Your headbutt misses the orc sorcerer.
The orc sorcerer is severely wounded.
You miss the sixfirhy. The sixfirhy hits you. The sixfirhy shocks you!
The sixfirhy hits you but does no damage. x2
The orc sorcerer gestures at you while chanting.
The bolt of negative energy misses you.
You hit the orc sorcerer but do no damage.
The orc sorcerer is severely wounded.
You slash the sixfirhy! The orc sorcerer casts a spell at you.
The bolt of fire hits you! You resist.
You hit the orc sorcerer but do no damage.
Your headbutt misses the orc sorcerer.
The orc sorcerer is severely wounded.
You hit the sixfirhy.
The orc sorcerer shouts, "You can't withstand my power!"
The orc sorcerer hits you but does no damage.
You completely miss the orc sorcerer.
You headbutt the orc sorcerer, but do no damage.
The orc sorcerer is severely wounded.
You barely miss the sixfirhy.
The sixfirhy hits you but does no damage.
The sixfirhy hits you! The sixfirhy shocks you!
* * * LOW HITPOINT WARNING * * *
The sixfirhy barely misses you.
The orc sorcerer points at you and mumbles some strange words.
The bolt of fire hits you!! You resist.
* * * LOW HITPOINT WARNING * * *
A red film seems to cover your vision as you go berserk!
You feel yourself moving faster!
You feel mighty! The sixfirhy hits you.
* * * LOW HITPOINT WARNING * * *
The sixfirhy shocks you!
* * * LOW HITPOINT WARNING * * *
The sixfirhy hits you!
You die...

##. ###.## #..
##....#
##..###....##
##....###<)#.##
..#.....#.##[...#
#.............##
..#.........)..#.#
........3#..........
...>....o@..........
.........#..........
..........#.#.......
....................
....................
.........#.....#..
........ .....#
........ .....


You could see a sixfirhy (summoned) and an orc sorcerer.

Vanquished Creatures
  Josephine (D:9)
  3 two-headed ogres
  2 orc sorcerers
  A troll (D:9)
  A wyvern (D:8)
  5 wraiths
  A water moccasin (D:8)
  A sky beast (D:7)
  An ice beast (D:3)
  8 orc warriors
  2 ogres
  2 centaurs
  An elf zombie (Ossuary)
  2 phantoms
  4 kobold brigands
  A bullfrog (D:7)
  2 scorpions (D:5)
  10 wights (D:8)
  11 killer bees
  4 howler monkeys
  3 centaur zombies (Ossuary)
  2 hounds (D:6)
  10 orc priests
  Crazy Yiuf (D:5)
  3 human zombies (Ossuary)
  2 jellies
  A gnoll bouda (D:5)
  4 sleepcaps
  4 iguanas
  Ijyb (D:5)
  9 orc wizards
  3 hound zombies (Ossuary)
  2 mummies (Ossuary)
  6 gnolls
  11 adders
  A shadow imp (D:7)
  A white imp (D:8)
  3 adder zombies (Ossuary)
  A ribbon worm (D:2)
  A dart slug (D:1)
  42 orcs
  10 ball pythons
  12 bats
  6 endoplasms
  6 gnoll zombies (Ossuary)
  5 goblins
  11 hobgoblins
  8 jackals
  6 quokkas
  2 frilled lizards (D:2)
  6 jackal zombies (Ossuary)
  22 kobolds
  5 kobold zombies (Ossuary)
  7 orc zombies (Ossuary)
  3 rats
283 creatures vanquished.

Notes
Turn   | Place    | Note
-------+----------+-------------------------------------------
     0 | D:1      | Doorstop00 the Minotaur Berserker began the quest for the
                  | Orb.
     0 | D:1      | Reached XP level 1. HP: 19/19 MP: 0/0
   121 | D:1      | Reached skill level 4 in Axes
   121 | D:1      | Reached XP level 2. HP: 27/27 MP: 1/1
   259 | D:1      | Found a faded altar of an unknown god.
   975 | D:2      | Reached XP level 3. HP: 28/33 MP: 2/2
  1043 | D:2      | Found Efocs's Antique Weapon Emporium.
  1052 | D:2      | Reached ** piety under Trog
  1217 | D:2      | Reached XP level 4. HP: 41/41 MP: 3/3
  1543 | D:3      | Reached skill level 1 in Maces & Flails
  1789 | D:3      | Noticed an ice beast
  1801 | D:3      | Killed an ice beast
  1802 | D:3      | Reached skill level 5 in Axes
  1802 | D:3      | Reached XP level 5. HP: 47/47 MP: 4/4
  2172 | D:4      | Found a sand-covered staircase.
  2183 | Ossuary  | Entered an ossuary
  2233 | Ossuary  | Reached XP level 6. HP: 55/55 MP: 5/5
  2233 | Ossuary  | Reached *** piety under Trog
  2241 | Ossuary  | Reached skill level 5 in Fighting
  2368 | Ossuary  | Reached skill level 6 in Axes
  2678 | Ossuary  | Identified the ring of the Unstoppable Eyes {rPois rN+
                  | Int-3 Dex-4 Slay+6}
  2714 | Ossuary  | Reached XP level 7. HP: 59/61 MP: 6/6
  2729 | Ossuary  | Reached skill level 7 in Axes
  2842 | D:4      | Reached **** piety under Trog
  3404 | D:5      | Entered Level 5 of the Dungeon
  3546 | D:5      | Reached skill level 8 in Axes
  3679 | D:4      | Reached XP level 8. HP: 59/70 MP: 7/7
  3763 | D:5      | Noticed Ijyb
  3770 | D:5      | Killed Ijyb
  3816 | D:5      | Found a radiant altar of Vehumet.
  4104 | D:5      | Found a runed translucent door.
  4105 | D:5      | Noticed Crazy Yiuf
  4114 | D:5      | Killed Crazy Yiuf
  4115 | D:5      | Reached skill level 5 in Armour
  4396 | D:6      | Found a staircase to the Ecumenical Temple.
  4593 | D:6      | Reached skill level 9 in Axes
  4765 | D:6      | Found Osa Anit's Weapon Shop.
  4881 | D:6      | Noticed a two-headed ogre
  4889 | D:6      | Killed a two-headed ogre
  4890 | D:6      | Reached skill level 10 in Axes
  4890 | D:6      | Reached XP level 9. HP: 79/79 MP: 8/8
  5576 | D:7      | Reached ***** piety under Trog
  5577 | D:7      | Reached skill level 5 in Maces & Flails
  6532 | D:8      | Reached skill level 5 in Dodging
  6591 | D:8      | Identified the maw talisman of Dice, Bag, and Bottle {rN++
                  | Int+6 Dex-3}
  6669 | D:8      | Reached skill level 11 in Axes
  7165 | D:8      | Noticed a two-headed ogre
  7182 | D:8      | Killed a two-headed ogre
  7183 | D:8      | Reached XP level 10. HP: 90/90 MP: 9/9
  7246 | D:8      | Identified the +4 chain mail of Zaedis {Fly Will- Int+2
                  | Stlth+}
  7829 | D:9      | Reached skill level 12 in Axes
  8005 | D:8      | HP: 4/91 [killer bee (4)]
  8250 | D:9      | Noticed a two-headed ogre
  8260 | D:9      | Killed a two-headed ogre
  8417 | D:9      | Received a gift from Trog
  8843 | D:9      | Found a staircase to the Orcish Mines.
  8883 | Orc:1    | Entered Level 1 of the Orcish Mines
  8885 | Orc:1    | Noticed Josephine
  8886 | Orc:1    | Noticed an orc sorcerer
  8907 | Orc:1    | Noticed an orc sorcerer
  8935 | Orc:1    | Noticed an orange demon
  8973 | D:9      | Killed an orc sorcerer
  8974 | D:9      | Reached skill level 13 in Axes
  8977 | D:9      | Killed Josephine
  8978 | D:9      | Reached XP level 11. HP: 99/99 MP: 4/10
  9072 | Orc:1    | Killed an orc sorcerer
  9165 | Orc:1    | Noticed an orc sorcerer
  9175 | Orc:1    | Noticed a sixfirhy
  9181 | Orc:1    | HP: 2/145 [sixfirhy[an orc sorcerer] (10)]
  9181 | Orc:1    | Mangled by a sixfirhy

Illustrated notes

Levels and vault maps discovered:
D:1:      lemuel_arrival_behind_the_door_small, layout_loops_ring,
          shapermc_ecumenical_altar_pompeii
D:2:      layout_rooms, serial_shops, shop, ebering_dispersal_statue_hall
D:3:      layout_loops_ring
D:4:      minmay_spotlight, layout_loops_ring, nicolae_ossuary_entry_monument,
          grunt_decor_junction
D:5:      old_forge, layout_rooms, kennysheep_little_box,
          uniq_crazy_yiuf_cottage, uniq_ijyb
D:6:      layout_loops_cross, temple_pool_b, serial_shops,
          nicolae_shop_peninsula, minmay_crystal_room, grunt_decor_mini_mirrors
D:7:      layout_loops_ring
D:8:      layout_gridville
D:9:      layout_rooms, david_orc_4, hangedman_decor_riveting
Orc:1:    layout_caves, serial_shops, nicolae_lakefront_shop, uniq_josephine

Skill      XL: |  1  2  3  4  5  6  7  8  9 10 |
---------------+-------------------------------+-----
Axes           | 4 5 6 8 10 11 13 | 13.5
Fighting       | 4 5 6 7 8 9 |  9.8
Maces & Flails | 2 3 4 5 7 |  7.2
Armour         | 3 4 6 8 9 |  9.6
Dodging        | 3 4 5 6 |  6.3
Stealth        | |  0.4

Action                     |  1- 3 |  4- 6 |  7- 9 | 10-12 || total
---------------------------+-------+-------+-------+-------++-------
  Melee: Hand axe          |    79 |   197 |    70 |       ||   346
         Headbutt          |     7 |    36 |    60 |    15 ||   118
         War axe           |       |       |   267 |    21 ||   288
         Battleaxe         |       |       |       |   100 ||   100
 Invoke: Berserk           |       |       |     4 |     3 ||     7
    Use: Scroll            |     4 |     1 |     8 |     3 ||    16
         Potion            |       |       |       |     2 ||     2
   Stab: Held in net/web   |       |       |     1 |       ||     1
 Armour: Animal skin       |    39 |       |       |       ||    39
         Plate armour      |    50 |   169 |   309 |   167 ||   695
  Dodge: Dodged            |    37 |    69 |   121 |    84 ||   311

Table legend: (Time is in decaauts)
 A = Elapsed time spent in this place.
 B = Non-inter-level travel time spent in this place.
 C = Inter-level travel time spent in this place.
 D = Time resting spent in this place.
 E = Time spent auto-exploring this place.
 F = Levels seen in this place.
 G = Mean time per level.
                   A        B        C        D        E       F      G
               +--------+--------+--------+--------+--------+-----+--------+
         Total |   9282 |   8979 |    303 |   1871 |   4186 |  11 |  843.8 |
       Dungeon |   8651 |   8348 |    303 |   1669 |   4186 |   9 |  961.2 |
  Orcish Mines |     81 |     81 |      0 |      0 |      0 |   1 |   81.0 |
       Ossuary |    550 |    550 |      0 |    202 |      0 |   1 |  550.0 |
               +--------+--------+--------+--------+--------+-----+--------+

Top non-repeatable levels by time:
     D:7: 1377 daAuts
     D:8: 1364 daAuts
     D:9: 1126 daAuts
     D:6: 1000 daAuts
     D:4: 977 daAuts
     D:1: 901 daAuts
     D:5: 759 daAuts
     D:3: 730 daAuts
 Ossuary: 550 daAuts
     D:2: 413 daAuts
   Orc:1: 81 daAuts
